 Dungeon Crawl Stone Soup version 0.25-a0-504-g768f60da87 (webtiles) character file.

Game seed: 5925223686594973699, levelgen mode: deterministic

16 Forecaster the Sneak (level 2, 0/22 HPs)
             Began as a Naga Wizard on Feb 14, 2020.
             Slain by a jackal (3 damage)
             ... on level 1 of the Dungeon.
             The game lasted 00:06:26 (630 turns).

Forecaster the Sneak (Naga Wizard)                   Turns: 630, Time: 00:06:28

Health: 0/22       AC:  1    Str:  9    XL:     2   Next: 58%
Magic:  2/6        EV:  7    Int: 18    God:
Gold:   41         SH:  6    Dex:  9    Spells: 4/7 levels left

rFire    . . .     SeeInvis +   n - +0 dagger
rCold    . . .     Gourm    .   h - +0 kite shield
rNeg     . . .     Faith    .   c - +0 robe
rPois    +         Spirit   .   b - +0 hat
rElec    .         Reflect  .   (no cloak)
rCorr    .         Harm     .   (no gloves)
MR       .....                  (no barding)
Stlth    ++........             (no amulet)
HPRegen  0.07/turn              (no ring)
MPRegen  0.10/turn              (no ring)

@: very slightly contaminated, very slow
A: large, see invisible, deformed body, poison resistance, slowness 2, slow
metabolism 1, spit poison 1, AC +0
a: Spit Poison


You were on level 1 of the Dungeon.
You were not hungry.

You visited 1 branch of the dungeon, and saw 1 of its levels.

You collected 41 gold pieces.

Inventory:

Hand Weapons
 i - a +0 club
 n - a +0 dagger (weapon)
Missiles
 j - 16 stones (quivered)
Armour
 a - a +0 robe
 b - a +0 hat (worn)
 c - a +0 robe (worn)
 h - a +0 kite shield (worn)
 m - a +0 robe
Scrolls
 e - a scroll of identify {unknown}
 g - a scroll of fog {unknown}
 k - a scroll of fear {unknown}
Potions
 l - a potion of heal wounds {unknown}
Comestibles
 d - 2 rations
 f - 5 chunks of flesh


   Skills:
 + Level 1.7 Dodging
 + Level 3.6 Stealth
 + Level 3.3 Spellcasting
 + Level 1.0 Conjurations
 + Level 1.0 Summonings
   Level 1.0 Translocations


You had 4 spell levels left.
You knew the following spells:

 Your Spells              Type           Power        Failure   Level  Hunger
a - Magic Dart            Conj           #...         58%         1    None
b - Call Imp              Summ           #.......     73%         2    ##.....

Your spell library contained the following spells:

 Spells                   Type           Power        Failure   Level  Hunger
 Blink                    Tloc           N/A          73%         2    ##.....
 Slow                     Hex            #.......     86%         2    ##.....
 Conjure Flame            Conj/Fire      #.......     95%         3    ###....
 Mephitic Cloud           Conj/Pois/Air  #.......     96%         3    ###....


Dungeon Overview and Level Annotations

Branches:
Dungeon (1/15)

Altars:


Innate Abilities, Weirdness & Mutations

You cannot wear boots.
Your serpentine skin is tough. (AC +0)
You have supernaturally acute eyesight. (SInv)
Armour fits poorly on your strangely shaped body.
Your system is resistant to poisons. (rPois)
You cover ground very slowly.
You have a slow metabolism.
You can spit poison.


Message History

The jackal bites you.
You hit the jackal.
The jackal is moderately wounded.
The jackal bites you. The jackal barely misses you.
There is an open door here.
You block the jackal's attack.
Keep disrobing?
Uppercase [Y]es or [N]o only, please.
Keep disrobing?
The jackal bites you.
You start removing your armour.
You continue taking off your +0 kite shield.
The jackal bites you.
* * * LOW HITPOINT WARNING * * *
You continue taking off your +0 kite shield.
The jackal bites you.
* * * LOW HITPOINT WARNING * * *
The jackal bites you.
You die...

##### #...# ###### #...#
#....# #...# #### #....#
#...# .....
#....########...###l....?
..........÷.....@hbh.....
#.÷..########...###h.....
#....# #.......# #####
.....# #.......# ....##
#.......# ....# #.......#
....# ######.## #########
#.# ........## .#


You could see 3 jackals, a bat and a frilled lizard.

Vanquished Creatures
  A bat (D:1)
  2 goblins (D:1)
  A jackal (D:1)
  A frilled lizard (D:1)
  11 rats (D:1)
16 creatures vanquished.

Vanquished Creatures (collateral kills)
  A goblin (D:1)
  3 jackals (D:1)
  A frilled lizard (D:1)
  A rat (D:1)
6 creatures vanquished.

Grand Total: 22 creatures vanquished

Notes
Turn   | Place    | Note
-------+----------+-------------------------------------------
     0 | D:1      | Forecaster the Naga Wizard began the quest for the Orb.
     0 | D:1      | Reached XP level 1. HP: 15/15 MP: 4/4
   204 | D:1      | Reached XP level 2. HP: 22/22 MP: 3/6
   372 | D:1      | Learned a level 2 spell: Call Imp
   630 | D:1      | Slain by a jackal

Levels and vault maps discovered:
D:1:      lemuel_arrival_muddy, layout_basic, minmay_rat_gold_closets

Action                   || total
-------------------------++-------
Melee: Unarmed           ||    11
       Dagger            ||     5
       Club              ||     4
 Cast: Magic Dart        ||    20
       Call Imp          ||     6
 Stab: Sleeping          ||     2
Armor: Robe              ||     5
Dodge: Dodged            ||    11
Block: Kite shield       ||     1

Table legend:
 A = Non-vault XP
 B = Vault XP
 C = Vault XP percentage of total XP
 D = Non-vault monster count
 E = Vault monster count
 F = Vault count percentage of total count
                 A         B        C        D         E       F
            +---------+---------+-------+---------+---------+-------
      Total |      16 |       8 |  33.3 |      14 |       8 |  36.4
            +---------+---------+-------+---------+---------+-------
        D:1 |      16 |       8 |  33.3 |      14 |       8 |  36.4
            +---------+---------+-------+---------+---------+-------
